Map: Waterfall

Players

soO - Winner!

  • Race: Zerg Zerg
  • Spawn Location: 7:00

Epic

  • Race: Terran Terran
  • Spawn Location: 1:00

Event: DreamHack SC2 Masters 2022 Atlanta (Offline)

VOD

Have the link to the VOD?

Description

Time

  • Played on: Nov. 18, 2022, 4:43 p.m.
  • Length: 9:25

All games in this series

Show
View Real Time Build Order
Export as new Build Order

soO Zerg - Winner!

Build Orders: Hatch First 

Get SALT Encoding   

  12  0:00  Drone  
  13  0:11  Overlord  
  13  0:16  Drone  
  14  0:29  Drone x2  
  16  0:47  Hatchery  
  15  0:50  Drone  
  15  0:54  Drone  
  17  0:58  Drone  
  18  1:08  Extractor  
  17  1:13  Spawning Pool  
  17  1:16  Drone  
  17  1:19  Drone  
  18  1:27  Drone  
  19  1:38  Drone  
  20  1:49  Drone  
  21  1:59  Queen x2  
  21  2:00  Zergling x4  
  27  2:10  Overlord  
  27  2:11  Drone  
  28  2:22  Spore Crawler  
  28  2:27  Hatchery  
  28  2:30  Drone x2  
  28  2:34  Drone x2  
  31  2:42  Queen  
  33  2:47  Overlord  
  33  2:50  Drone  
  34  2:53  Drone  
  34  2:56  Drone  
  36  3:02  Roach Warren  
  35  3:06  Drone  
  35  3:07  Drone  
  38  3:12  Drone  
  38  3:15  Drone x2  
  38  3:18  Overlord  
  40  3:26  Overlord  
  42  3:42  Roach  
  42  3:43  Roach x4  
  42  3:46  Roach  
  52  3:49  Roach x3  
  52  3:52  Overlord  
  58  3:56  Overlord  
  58  4:05  Drone  
  58  4:06  Drone  
  60  4:10  Drone  
  60  4:12  Drone  
  60  4:13  Drone x2  
  60  4:15  Drone  
  60  4:16  Drone  
  66  4:19  Drone x2  
  66  4:20  Queen  
  70  4:25  Drone x2  
  70  4:26  Drone  
  73  4:31  Metabolic Boost, Overlord  
  73  4:35  Overlord  
  73  4:36  Drone x2  
  73  4:57  Drone x7  
  73  4:58  Lair  
  80  5:00  Overlord  
  80  5:01  Drone x2  
  80  5:02  Queen  
  80  5:03  Drone x2  
  80  5:04  Drone x2  
  80  5:06  Drone x2  
  82  5:13  Overlord  
  74  5:16  Extractor  
  74  5:17  Extractor  
  74  5:18  Drone  
  74  5:19  Drone  
  72  5:22  Evolution Chamber  
  72  5:25  Evolution Chamber  
  72  5:28  Zergling x8  
  74  5:30  Queen  
  76  5:35  Baneling Nest  
  76  5:38  Hatchery  
  74  5:44  Drone x2  
  74  5:45  Drone x3  
  74  5:46  Drone x2  
  74  5:47  Drone x3  
  84  5:54  Drone x2  
  85  5:58  Drone  
  85  6:00  Drone  
  85  6:01  Queen, Drone x3  
  92  6:06  Zergling x8  
  92  6:07  Zerg Ground Armor Level 1  
  96  6:13  Hatchery  
  96  6:15  Extractor  
  96  6:16  Extractor  
  93  6:20  Centrifugal Hooks  
  93  6:22  Zergling x8  
  93  6:23  Zergling x2  
  98  6:28  Hydralisk Den  
  98  6:31  Zergling x16  
  105  6:37  Zergling x2  
  105  6:38  Zergling x6  
  109  6:41  Overlord  
  109  6:43  Overlord  
  109  6:46  Zerg Melee Weapons Level 1  
  109  6:52  Drone x2  
  111  6:55  Overlord  
  111  6:57  Drone x2  
  111  6:58  Grooved Spines  
  113  7:01  Drone  
  113  7:03  Drone x2  
  113  7:05  Baneling  
  113  7:06  Baneling x3  
  113  7:07  Zergling x14  
  123  7:09  Baneling x2  
  123  7:10  Baneling x3  
  123  7:15  Overlord  
  122  7:16  Drone x3  
  122  7:17  Baneling x2  
  122  7:19  Zergling x2  
  122  7:21  Hydralisk  
  128  7:26  Hydralisk x2  
  128  7:27  Zergling x6  
  135  7:31  Extractor  
  135  7:32  Overlord  
  135  7:34  Zergling x20  
  144  7:37  Drone x2  
  144  7:39  Baneling  
  144  7:40  Baneling x3  
  146  7:46  Overseer  
  146  7:48  Zergling x10  
  151  7:55  Zergling x8  
  151  8:00  Zergling x14  
  151  8:01  Infestation Pit  
  151  8:04  Baneling x6  
  151  8:05  Baneling x2  
  157  8:06  Drone x2  
  157  8:07  Overlord  
  157  8:08  Baneling x2  
  157  8:10  Muscular Augments  
  159  8:15  Hatchery  
  159  8:19  Zergling x16  
  165  8:28  Baneling x4  
  165  8:34  Overlord  
  165  8:36  Zergling x16  
  162  8:46  Zergling x20  
  162  8:47  Zergling x8  
  151  8:51  Extractor  
  151  8:54  Hydralisk  
  151  8:55  Zergling x4, Hydralisk  
  154  9:02  Zergling x10  
  160  9:05  Drone x2  
  160  9:06  Drone  
Show
View Real Time Build Order
Export as new Build Order

Epic Terran 

Build Orders: Hellion Opening, Reaper Expand 

Get SALT Encoding   

  12  0:00  SCV  
  13  0:12  SCV  
  14  0:16  Supply Depot  
  14  0:24  SCV  
  15  0:38  SCV, Barracks  
  16  0:43  Refinery  
  16  0:50  SCV  
  17  1:02  SCV  
  18  1:15  SCV  
  19  1:25  Reaper  
  20  1:27  Orbital Command  
  20  1:39  Command Center  
  20  1:47  Supply Depot  
  20  1:52  SCV  
  21  1:58  Marine  
  22  2:04  SCV  
  23  2:10  Factory  
  23  2:16  SCV  
  23  2:19  Barracks Reactor  
  24  2:28  SCV  
  25  2:39  Command Center  
  25  2:42  SCV  
  26  2:51  Orbital Command  
  26  2:54  SCV  
  27  3:01  Hellion  
  27  3:03  Hellion  
  31  3:07  SCV, Barracks Tech Lab  
  32  3:17  SCV  
  32  3:19  SCV  
  34  3:22  Hellion  
  34  3:24  Hellion  
  34  3:25  Stimpack  
  38  3:30  SCV  
  38  3:31  SCV  
  40  3:36  Refinery  
  40  3:42  SCV  
  40  3:43  SCV  
  40  3:45  Engineering Bay  
  40  3:46  Hellion  
  44  3:48  Engineering Bay  
  44  3:49  Hellion  
  44  3:54  SCV  
  44  3:55  Orbital Command  
  47  4:02  SCV  
  48  4:04  Refinery  
  48  4:07  SCV  
  49  4:13  Terran Infantry Weapons Level 1  
  49  4:14  Terran Infantry Armor Level 1  
  49  4:20  Barracks  
  49  4:22  SCV x3  
  52  4:24  Factory Tech Lab  
  52  4:27  Bunker  
  52  4:30  Marauder  
  52  4:35  Bunker  
  52  4:43  Siege Tank  
  51  4:48  SCV x3  
  51  4:51  Marauder  
  38  5:11  SCV x3  
  39  5:23  SCV x3  
  39  5:27  Combat Shield, Marine  
  43  5:30  Factory Reactor  
  43  5:33  Barracks  
  43  5:34  Barracks  
  44  5:35  SCV x2  
  44  5:36  SCV  
  46  5:46  Marine x2  
  46  5:48  SCV x2  
  49  5:55  Armory  
  45  6:00  SCV x3  
  45  6:01  Marine  
  45  6:03  Marine  
  45  6:04  Marine  
  51  6:08  Supply Depot  
  51  6:13  SCV x3  
  51  6:15  Starport  
  51  6:17  Factory Reactor  
  54  6:21  Barracks Reactor, Marine  
  54  6:23  Barracks  
  55  6:26  SCV x3  
  55  6:30  Refinery  
  55  6:31  Marine x2  
  60  6:34  Supply Depot  
  60  6:38  SCV x2  
  63  6:41  Marine x2  
  63  6:46  Terran Infantry Weapons Level 2  
  64  6:47  Terran Infantry Armor Level 2  
  64  6:50  Orbital Command  
  64  6:54  Marine x2  
  65  6:55  Supply Depot  
  65  6:56  SCV x2  
  65  6:59  Marine x2  
  65  7:00  Marine  
  71  7:03  Marine  
  71  7:06  Medivac  
  74  7:08  Medivac  
  74  7:11  SCV  
  77  7:16  Supply Depot, SCV x2  
  77  7:18  Barracks Tech Lab  
  77  7:22  Siege Tank  
  82  7:25  Supply Depot  
  82  7:26  SCV  
  82  7:27  Marine  
  82  7:28  Marine  
  85  7:37  Supply Depot, Marine x5  
  85  7:38  SCV x2  
  92  7:46  Medivac x2  
  92  7:48  SCV  
  92  7:49  Supply Depot  
  92  7:50  SCV x2  
  92  7:51  Marine x2  
  100  7:58  Siege Tank  
  95  8:01  SCV  
  95  8:02  SCV x2  
  95  8:05  Barracks Reactor  
  97  8:07  Barracks  
  97  8:08  Barracks, Marine  
  97  8:09  Barracks  
  98  8:14  Marine  
  98  8:15  Marine x5  
  98  8:19  Medivac x2  
  108  8:31  Supply Depot  
  108  8:32  Siege Tank  
  108  8:33  Marine x4  
  108  8:34  Marine  
  108  8:47  Marine  
  108  8:48  Marine x3  
  85  8:51  Marine x2  
  85  8:54  Supply Depot  
  85  8:55  Medivac x2  
  84  8:58  Marine x3  
  87  9:05  Marine x2  
  87  9:06  Marine x2  
Tags
 
Add a new tag
Caveats
  • Supply blocks, unpowered buildings, or Contaminate may cause inaccurate times.
  • Supply counts are checked every 10 seconds.